 Dungeon Crawl Stone Soup version 0.30.1-4-g462c640d31 (webtiles) character file.

Game seed: 10307246334965332969

3235 Gabide the Conjurer (level 9, -10/65 (72) HPs)
             Began as a Demigod Conjurer on Aug 29, 2023.
             Mangled by a human
             ... wielding a +0 mace
              (12 damage)
             ... on level 7 of the Dungeon.
             The game lasted 00:16:28 (8336 turns).

Gabide the Conjurer (Demigod Conjurer)              Turns: 8336, Time: 00:16:29

HP:   -10/65 (72)   AC:  3    Str:  8    XL:     9   Next: 39%
MP:   30/33         EV: 13    Int: 38    God:
Gold: 383           SH:  0    Dex: 12    Spells: 16/23 levels left

rFire   . . .        b - +2 dagger (venom)
rCold   . . .        (no shield)
rNeg    . . .        A - +0 robe {Will+}
rPois   .            (no helmet)
rElec   .            n - +0 cloak
rCorr   .            (no gloves)
SInv    .            (no boots)
Will    +....        (no amulet)
Stlth   ++           f - +6 ring of intelligence
HPRegen 0.30/turn    s - ring of magical power
MPRegen 0.23/turn

%: no passive effects
@: on berserk cooldown, slowed, drained, very slow
A: high MP 1, forlorn, divine attributes
a: no special abilities


You were on level 7 of the Dungeon.
You visited 2 branches of the dungeon, and saw 9 of its levels.

You collected 383 gold pieces.

Inventory:

Hand Weapons
 a - a +3 rapier of flaming
 b - a +2 dagger of venom (weapon)
Missiles
 p - a throwing net
 u - 5 curare-tipped darts
Armour
 n - a +0 cloak (worn)
 A - a +0 robe of willpower (worn)
Magical Staves
 v - a staff of fire
 E - a staff of death
Jewellery
 f - a +6 ring of intelligence (left hand)
 i - a ring of wizardry
 r - a ring of resist corrosion
 s - a ring of magical power (right hand)
 t - a +6 ring of dexterity
 w - a ring of protection from cold
Wands
 h - a wand of digging (3)
 x - a wand of light (2)
Scrolls
 d - 3 scrolls of teleportation
 o - 2 scrolls of fog
 D - a scroll of brand weapon
Potions
 e - a potion of invisibility
 g - 2 potions of lignification
 j - 2 potions of might
 k - a potion of curing
 m - a potion of cancellation
 q - a potion of flight {unknown}
 y - a potion of magic
 z - 2 potions of mutation
 C - a potion of attraction {unknown}


   Skills:
 + Level 4.5 Fighting
 + Level 4.5 Dodging
 - Level 3.0 Stealth
 * Level 7.5 Spellcasting
 * Level 7.8 Conjurations


You had 16 spell levels left.
You knew the following spells:

 Your Spells              Type           Power      Damage    Failure   Level
a - Magic Dart            Conj           100%       1d8       1%          1
b - Searing Ray           Conj           100%       2d8       1%          2
c - Dazzling Flash        Conj/Hex       88%        N/A       1%          3
d - Kiss of Death         Conj/Necr      100%       2d13      1%          1

Your spell library contained the following spells:

 Spells                   Type           Power      Damage    Failure   Level
 Mephitic Cloud           Conj/Pois/Air  34%        N/A       2%          3
 Call Imp                 Summ           28%        N/A       4%          2
 Ensorcelled Hibernation  Hex/Ice        28%        N/A       4%          2
 Fulminant Prism          Conj/Hex       22%        3d12      5%          4
 Iskenderun's Mystic Bla  Conj/Tloc      44%        2d10      5%          4
 Confusing Touch          Hex            14%        N/A       8%          3
 Spider Form              Tmut/Pois      14%        N/A       8%          3
 Anguish                  Hex/Necr       7%         N/A       26%         4
 Dispel Undead            Necr           14%        3d10      26%         4


Dungeon Overview and Level Annotations

Branches:
Dungeon (8/15)             Temple (1/1) D:4
   Lair: D:8-11


Innate Abilities, Weirdness & Mutations

You have an increased reservoir of magic. (+10% MP)
You shall have no god before yourself.
Your divine heritage dramatically boosts your attributes as you level up.


Message History

(Press . to maintain the ray.)
The human hits you with a +0 mace.
* * * LOW HITPOINT WARNING * * *
Press: ? - help, v - describe, . - travel
Here: a human, wielding a +0 mace and wearing a +0 leather armour (heavily wounded)
The floor.
Unknown command.
Unknown command.
Okay, then.
Unknown command.
Unknown command.
A red film seems to cover your vision as you go berserk!
You feel yourself moving faster!
You feel mighty! The human hits you with a +0 mace.
* * * LOW HITPOINT WARNING * * *
You barely miss the human.
The human is heavily wounded.
The human hits you with a +0 mace!
* * * LOW HITPOINT WARNING * * *
You hit the human.
The human is poisoned.
The human is heavily wounded.
You miss the human.
The human is heavily wounded.
The human hits you with a +0 mace!
* * * LOW HITPOINT WARNING * * *
You feel a strong urge to attack something.
You are too berserk!
You are no longer berserk.
You are exhausted.
You feel yourself slow down.
Okay, then.
Casting: Searing Ray (safe; 1% risk of failure)
Confirm with . or Enter, or press ? or * to list all spells.
Okay, then.
Unknown command.
Aiming: Bolt of Light
Press: ? - help, Shift-Dir - straight line, f/p - human
Aim: a human, wielding a +0 mace and wearing a +0 leather armour (heavily wounded, very poisoned, 60% to hit)
The bolt of light misses the human.
The human hits you with a +0 mace!
You die...

###
########
###.##
.......#
#....#
.......#
##.[.#
.....###
#>).#
##.###
###..##
#..#
###..p..#
##.#
#....@..#
#.##
#.......##
##.#
#........#
#.#
#(...#...#
#.##
######...#
##.# #...#
#.##
##...#
#..#
#....#
##.####
#....#


You could see a human (very poisoned).

Vanquished Creatures
  Grinder (D:3)
  Eustachio (D:6)
  A human (D:7)
  Menkaure (D:6)
  3 black bears
  Duvessa (D:6)
  A sky beast (D:6)
  2 ice beasts
  An ogre (D:6)
  A centaur (D:5)
  2 phantoms
  A kobold brigand (D:7)
  Blork the orc (D:4)
  A bullfrog (D:7)
  4 scorpions
  9 wights
  Dowan (D:6)
  2 howler monkeys (D:7)
  An iron imp (D:3)
  5 hounds
  3 jellies
  An orc priest (D:3)
  3 sleepcaps
  2 iguanas
  6 gnolls
  8 adders
  3 ufetubi
  2 worms (D:3)
  A dart slug (D:4)
  12 orcs
  8 ball pythons
  3 bats
  10 endoplasms
  2 giant cockroaches
  7 goblins
  11 hobgoblins
  4 jackals (D:1)
  2 quokkas
  4 frilled lizards
  14 kobolds
  5 rats
151 creatures vanquished.

Notes
Turn   | Place    | Note
-------+----------+-------------------------------------------
     0 | D:1      | Gabide the Demigod Conjurer began the quest for the Orb.
     0 | D:1      | Reached XP level 1. HP: 14/14 MP: 5/5
   351 | D:1      | Reached XP level 2. HP: 22/22 MP: 0/7
  1154 | D:1      | Reached XP level 3. HP: 27/27 MP: 3/8
  1731 | D:2      | Learned a level 2 spell: Searing Ray
  1818 | D:2      | Reached skill level 1 in Fighting
  2275 | D:3      | Learned a level 3 spell: Dazzling Flash
  2433 | D:3      | Reached XP level 4. HP: 35/35 MP: 3/10
  2766 | D:3      | Noticed Grinder
  2775 | D:3      | Killed Grinder
  2776 | D:3      | Reached XP level 5. HP: 41/41 MP: 0/12
  2937 | D:3      | Reached XP level 6. HP: 48/48 MP: 4/14
  3644 | D:4      | Reached skill level 5 in Conjurations
  3842 | D:4      | Noticed Blork the orc
  3851 | D:4      | Killed Blork the orc
  4057 | D:4      | Found a staircase to the Ecumenical Temple.
  4063 | Temple   | Entered the Ecumenical Temple
  4116 | D:4      | You fall into a shaft and drop 3 floors!
  4309 | D:7      | Reached XP level 7. HP: 53/56 MP: 16/16
  4487 | D:6      | Noticed Eustachio
  4863 | D:6      | Killed Eustachio
  4864 | D:6      | Reached skill level 5 in Spellcasting
  4942 | D:6      | Noticed Duvessa
  4957 | D:6      | Noticed Dowan
  4959 | D:6      | Reached XP level 8. HP: 46/63 MP: 20/20
  4963 | D:5      | Entered Level 5 of the Dungeon
  5282 | D:5      | Noticed an angel
  5523 | D:5      | Learned a level 1 spell: Kiss of Death
  6849 | D:6      | Killed Duvessa
  6853 | D:6      | Killed Dowan
  6858 | D:6      | Reached XP level 9. HP: 24/65 MP: 19/23
  7037 | D:6      | Noticed Menkaure
  7041 | D:6      | Killed Menkaure
  8332 | D:7      | HP: 2/97 [human/+0 mace (7)]
  8336 | D:7      | Mangled by a human

Illustrated notes

Levels and vault maps discovered:
D:1:      sevenhm_arrival_forest_fort_small_3, layout_loops_corners,
          chequers_serial_rivers_micro_b
D:2:      layout_basic, basic_altar
D:3:      layout_rooms, okawaru_trees_1, slow_altar_1, jmf_multi_god_temple,
          uniq_grinder
D:4:      layout_basic, mainiacjoe_overflow_boulevard,
          mainiacjoe_overflow_paths, minmay_temple_entry_ruins, chequers_avenue,
          minmay_misc_feat_rugged, minmay_misc_feat_nine_boxes,
          uniq_blork_the_orc
D:5:      layout_cave_pools, lemuel_doored_altar, zin_angel
D:6:      layout_basic, fedhas_altar_fruit_tree, uniq_duvessa, uniq_menkaure,
          uniq_eustachio
D:7:      layout_cave_pods, minmay_strange_pillars
D:8:      layout_basic, mainiacjoe_overflow_catwalk, serial_shops, shop,
          minmay_ruffians
Temple:   nicolae_temple_no_exploring_needed

Skill      XL: |  1  2  3  4  5  6  7  8  9 |
---------------+----------------------------+-----
Spellcasting   | 2 3 4 5 6 7 |  7.5
Dodging        | 2 3 4 |  4.5
Stealth        | 2 3 |  3.0
Conjurations   | 4 5 6 7 |  7.8
Fighting       | 1 2 3 4 |  4.5

Action                     |  1- 3 |  4- 6 |  7- 9 || total
---------------------------+-------+-------+-------++-------
  Melee: Short sword       |    19 |       |       ||    19
         Dagger            |       |       |     3 ||     3
  Throw: Dart              |       |       |     1 ||     1
   Cast: Magic Dart        |   106 |    96 |    88 ||   290
         Searing Ray       |       |     9 |    52 ||    61
         Dazzling Flash    |       |       |     6 ||     6
         Kiss of Death     |       |       |     3 ||     3
  Evoke: Wand              |       |       |     2 ||     2
    Use: Scroll            |     4 |     2 |     8 ||    14
         Potion            |       |       |     1 ||     1
 Armour: Robe              |    10 |     5 |    19 ||    34
  Dodge: Dodged            |    24 |    12 |    77 ||   113
